 Dungeon Crawl Stone Soup version 0.29-a0-340-g6efceafd81 (webtiles) character file.

Game seed: 11615512268446243561

1928 spaghetti the Fighter (level 8, -2/69 HPs)
             Began as a Mummy Fighter on Apr 19, 2022.
             Was an Initiate of Yredelemnul.
             Slain by a howler monkey (4 damage)
             ... on level 8 of the Dungeon.
             The game lasted 00:12:04 (8128 turns).

spaghetti the Fighter (Mummy Fighter)               Turns: 8128, Time: 00:12:05

Health: -2/69      AC: 14    Str: 21    XL:     8   Next: 96%
Magic:  8/8        EV:  6    Int:  8    God:    Yredelemnul [......]
Gold:   258        SH:  4    Dex: 11    Spells: 7/7 levels left

rFire   x . .      SeeInvis .   k - +4 hand axe {axe}
rCold   + . .      Faith    .   c - +0 buckler
rNeg    + + +      Spirit   .   w - +0 plate armour
rPois   ∞          Reflect  .   (no helmet)
rElec   .          Harm     .   m - +0 cloak
rCorr   .          Rampage  .   (no gloves)
Will    +....                   (no boots)
Stlth   ..........              (no amulet)
HPRegen 0.21/turn               (no ring)
MPRegen 0.11/turn               (no ring)

@: no status effects
A: cold resistance 1, negative energy resistance 3, torment resistance 2, heat
vulnerability 1, in touch with death 1, no potions
a: Renounce Religion, Recall Undead Harvest


You were on level 8 of the Dungeon.
You worshipped Yredelemnul.
Yredelemnul was noncommittal.
You visited 2 branches of the dungeon, and saw 9 of its levels.

You collected 321 gold pieces.
You spent 63 gold pieces at shops.


Innate Abilities, Weirdness & Mutations

You are immune to poison.
Your flesh is cold resistant. (rC+)
You are immune to negative energy. (rN+++)
You are immune to unholy pain and torment.
You are vulnerable to heat. (rF-)
You are in touch with the powers of death.
You do not drink.


   Skills:
 + Level 8.5 Fighting
 - Level 3.0 Polearms
 + Level 7.1 Armour
 - Level 2.4 Shields


You had 7 spell levels left.
You didn't know any spells.
Your spell library contained the following spells:

 Spells                   Type           Power      Damage    Failure   Level
 Pain                     Necr           0%         1d4       100%        1
 Agony                    Necr           0%         N/A       100%        5
 Excruciating Wounds      Necr           0%         N/A       100%        5

Inventory:

Hand Weapons
 a - a +0 trident {polearm}
 f - a +0 short sword of protection {short}
   (You took it off Duvessa on level 5 of the Dungeon)
 k - a +4 hand axe (weapon) {axe}
   (You took it off an orc on level 4 of the Dungeon)
 o - a +0 dagger of pain {short}
   (You took it off Dowan on level 5 of the Dungeon)
 q - a +0 dagger of venom {short}
   (You took it off an orc on level 4 of the Dungeon)
 z - a +2 trident of venom {polearm}
   (You took it off an orc on level 8 of the Dungeon)
Missiles
 e - 122 stones (quivered) {throwing}
 h - 6 javelins {throwing}
 p - 5 silver boomerangs {throwing}
 t - 4 poisoned darts {throwing}
Armour
 b - a +0 scale mail
 c - a +0 buckler (worn)
 m - a +0 cloak (worn)
   (You found it on level 3 of the Dungeon)
 w - a +0 plate armour (worn)
   (You found it on level 7 of the Dungeon)
Magical Staves
 i - a staff of death {!astaff}
   (You found it on level 2 of the Dungeon)
Wands
 r - a wand of iceblast (5)
   (You took it off Ijyb on level 4 of the Dungeon)
 x - a wand of flame (18)
   (You found it on level 7 of the Dungeon)
Scrolls
 d - 3 scrolls of torment {unknown}
 g - a scroll of amnesia
 l - a scroll of enchant weapon
 n - a scroll of magic mapping {unknown}
 s - 2 scrolls of teleportation {@r4}
 u - a scroll of noise {unknown}
 v - 4 scrolls of identify {@r1}
 y - a scroll of enchant armour {unknown}

Dungeon Overview and Level Annotations

Branches:
Dungeon (8/15)             Temple (1/1) D:4
   Lair: D:8-11

Altars:
Ashenzari
Cheibriados
Dithmenos
Elyvilon
Fedhas
Gozag
Kikubaaqudgha
Makhleb
Nemelex Xobeh
Okawaru
Qazlal
Ru
Sif Muna
Trog
Vehumet
Wu Jian
Xom
Yredelemnul
Zin
The Shining One

Shops:
D:5 *

Annotations:
D:5 Sigmund

#.## #..# ## #.>#
#.
#..#####..###... .
#..........Z....
..
##......!.........
#####...##$......
##..###......
#.§§##h.....
#..§@oZ.....
......§hh§.....
######§§.§.(...
###....(.. #O.....
...... ......
#..###


You could see a two-headed ogre, an orc warrior (ally target), 3 howler monkeys
and a friendly orc priest zombie.


Message History

😮 HP[-8]
You take 8 damage, and now have 51/69 hp.
You hit the orc warrior but do no damage.
You hit the centaur.
You kill the centaur!
The howler monkey hits your orc zombie!
Your orc zombie is destroyed!
Something hits the howler monkey but does no damage.
The orc warrior hits you with a +0 flail!
Your orc priest zombie closely misses the orc. 😮 HP[-6]
You take 6 damage, and now have 45/69 hp.
You hit the orc warrior but do no damage.
You closely miss the howler monkey. You hit the howler monkey.
The howler monkey hoots and howls with incredible vigour!
The howler monkey hits you.
Something barely misses the howler monkey.
The orc warrior hits you with a +0 flail!
* * * LOW HITPOINT WARNING * * *
The howler monkey hits you but does no damage.
Your orc priest zombie closely misses the orc.
The howler monkey hits you.
* * * LOW HITPOINT WARNING * * *
😨 HP[-17]
You take 17 damage, and now have 28/69 hp.
MASSIVE DAMAGE!! (PAUSE)
You can't drink.
You hit the orc warrior but do no damage.
You slash the howler monkey! You barely miss the howler monkey.
You block the orc warrior's attack.
Something hits the howler monkey but does no damage.
The howler monkey barely misses you.
The howler monkey completely misses you.
The howler monkey hoots and howls with incredible vigour!
Your orc priest zombie completely misses the orc.
The orc warrior hits you with a +0 flail.
* * * LOW HITPOINT WARNING * * *
😨 HP[-6]
You take 6 damage, and now have 22/69 hp.
You hit the orc warrior but do no damage.
You hit the howler monkey but do no damage.
You completely miss the howler monkey.
The howler monkey hits you but does no damage. x2
Something closely misses the howler monkey.
The howler monkey hits you but does no damage.
The orc warrior hits you but does no damage.
Your orc priest zombie hits the orc.
The howler monkey hoots and howls with incredible vigour!
You hit the orc warrior but do no damage.
You barely miss the howler monkey. x2
Something barely misses the howler monkey.
The howler monkey hits you.
* * * LOW HITPOINT WARNING * * *
The howler monkey closely misses you. The orc warrior barely misses you.
Your orc priest zombie closely misses the orc. 😱 HP[-5]
You take 5 damage, and now have 17/69 hp.
You closely miss the orc warrior. You closely miss the howler monkey.
You hit the howler monkey. The howler monkey closely misses you.
The howler monkey barely misses you.
Something hits the howler monkey.
The orc warrior barely misses you.
A two-headed ogre comes into view.
It is wielding a +0 giant spiked club and a +0 giant club.
The howler monkey hits you but does no damage.
Your orc priest zombie misses the orc.
The howler monkey hits you but does no damage.
You closely miss the orc warrior. You hit the howler monkey.
You barely miss the howler monkey.
The orc warrior hits you with a +0 flail.
* * * LOW HITPOINT WARNING * * *
The howler monkey barely misses you.
Something closely misses the howler monkey.
You block the howler monkey's attack.
Your orc priest zombie hits the orc.
The orc dies!
The orc warrior hits you with a +0 flail.
* * * LOW HITPOINT WARNING * * *
😱 HP[-10]
You take 10 damage, and now have 7/69 hp.
You hit the howler monkey. You hit the orc warrior.
You completely miss the howler monkey.
The howler monkey hits you but does no damage.
The howler monkey hits you.
* * * LOW HITPOINT WARNING * * *
Something hits the howler monkey.
The howler monkey hoots and howls with incredible vigour!
The howler monkey hits you but does no damage.
The orc warrior hits you with a +0 flail.
* * * LOW HITPOINT WARNING * * *
The howler monkey hoots and howls with incredible vigour! 😱 HP[-6]
You take 6 damage, and now have 1/69 hp.
You can't drink.
Okay, then.
You can't drink.
As you read the scroll labelled COCSA VOUTOI, it crumbles to dust.
The scroll dissolves into smoke.
It was a scroll of fog.
The howler monkey hits your orc priest zombie!
Something hits the howler monkey but does no damage.
The howler monkey hits you.
You die...
Yredelemnul claims you as an undead slave.

Skill      XL: |  1  2  3  4  5  6  7  8 |
---------------+-------------------------+-----
Polearms       | 2 3 |  3.0
Armour         | 3 4 5 7 |  7.1
Fighting       | 4 5 6 8 |  8.5
Shields        | |  2.4

Action                   |  1- 3 |  4- 6 |  7- 9 || total
-------------------------+-------+-------+-------++-------
Melee: Trident           |   130 |   118 |    28 ||   276
       Dagger            |       |       |    66 ||    66
       Hand axe          |       |       |   161 ||   161
Throw: Stone             |    10 |     7 |    14 ||    31
       Boomerang         |       |     4 |     2 ||     6
       Dart              |       |       |     2 ||     2
Invok: Dark Bargain      |       |       |     1 ||     1
Evoke: Wand              |       |       |     3 ||     3
  Use: Scroll            |       |     5 |     3 ||     8
 Stab: Distracted        |       |       |     1 ||     1
Armor: Scale mail        |    45 |    56 |    54 ||   155
       Plate armour      |       |       |    96 ||    96
Dodge: Dodged            |    45 |    66 |   103 ||   214
Block: Buckler           |    25 |    25 |    48 ||    98

Levels and vault maps discovered:
D:1:      co_arrival_random_square_maze, layout_loops_ring, serial_bayou,
          serial_bayou_pond_b, serial_bayou_shore_b, serial_bayou_pond_c,
          serial_bayou_pond_a, chequers_ecumenical_altar_simple
D:2:      layout_basic
D:3:      layout_loops_ring, minmay_misc_feat_tiny, serial_bayou_lake_a
D:4:      layout_loops_cross, minmay_temple_entry_stoned_glass
D:5:      layout_gridville, mainiacjoe_overflow_catwalk, serial_shops,
          shop_fountains, uniq_sigmund, uniq_menkaure, uniq_duvessa, uniq_ijyb
D:6:      kennysheep_housing_project, layout_basic, nzn_hepliaklqana_mist_gate,
          lemuel_old_faithful
D:7:      layout_basic
D:8:      layout_layer_cave
Temple:   regret_index_temple_chain_breaker

Notes
Turn   | Place    | Note
-------+----------+-------------------------------------------
     0 | D:1      | spaghetti the Mummy Fighter began the quest for the Orb.
     0 | D:1      | Reached XP level 1. HP: 18/18 MP: 1/1
     0 | D:1      | magus.rc [v1.9.6]
   119 | D:1      | Reached skill level 2 in Polearms
   236 | D:1      | Reached XP level 2. HP: 14/24 MP: 2/2
   641 | D:1      | Found a faded altar of an unknown god.
  1082 | D:2      | You pick up a book of Pain and begin reading...
  1082 | D:2      | You add the spells Pain, Agony and Excruciating Wounds to
                  | your library.
  1250 | D:2      | Gained mutation: You are in touch with the powers of death.
                  | [Mummy growth]
  1250 | D:2      | Reached XP level 3. HP: 12/29 MP: 3/3
  1590 | D:2      | Reached skill level 3 in Polearms
  2084 | D:3      | Noticed a scorpion
  2099 | D:3      | Killed a scorpion
  2100 | D:3      | Reached skill level 3 in Armour
  2100 | D:3      | Reached XP level 4. HP: 23/36 MP: 4/4
  2912 | D:3      | You fall into a shaft and drop 1 floor!
  2921 | D:4      | Reached XP level 5. HP: 42/42 MP: 5/5
  2925 | D:5      | Entered Level 5 of the Dungeon
  2925 | D:5      | Noticed Menkaure
  2948 | D:4      | Found a staircase to the Ecumenical Temple.
  2997 | D:5      | HP: 3/42 [Menkaure (16)]
  2998 | D:5      | Killed Menkaure
  2999 | D:5      | Reached skill level 4 in Fighting
  2999 | D:5      | Reached XP level 6. HP: 4/49 MP: 6/6
  3019 | D:5      | HP: 1/49 [gnoll/+0 flail (6)]
  3400 | D:4      | Reached skill level 5 in Fighting
  3400 | D:4      | Reached skill level 4 in Armour
  4110 | D:4      | Reached XP level 7. HP: 48/56 MP: 7/7
  4850 | Temple   | Entered the Ecumenical Temple
  4931 | Temple   | Became a worshipper of Yredelemnul the Dark
  4973 | D:5      | Noticed Sigmund
  5021 | D:5      | Noticed Ijyb
  5136 | D:4      | Killed Ijyb
  5371 | D:5      | Noticed Duvessa
  5372 | D:5      | Noticed Dowan
  5384 | D:5      | HP: 13/57 [Duvessa/+0 short sword of protection (8)]
  5396 | D:5      | Killed Duvessa
  5397 | D:5      | Reached skill level 6 in Fighting
  5397 | D:5      | Reached skill level 5 in Armour
  5399 | D:5      | Killed Dowan
  5697 | D:5      | Found Lenaoczu's General Store.
  5710 | D:5      | Bought a +0 buckler for 63 gold pieces
  5900 | D:6      | Reached * piety under Yredelemnul
  5901 | D:6      | Reached XP level 8. HP: 49/65 MP: 8/8
  6017 | D:6      | Reached skill level 7 in Fighting
  6146 | D:6      | HP: 15/67 [wight/+0 battleaxe (2)]
  6516 | D:7      | Reached skill level 6 in Armour
  7319 | D:7      | Reached ** piety under Yredelemnul
  7329 | D:7      | HP: 14/68 [gnoll/+0 flail (6)]
  7330 | D:7      | Reached skill level 8 in Fighting
  7835 | D:8      | Reached skill level 7 in Armour
  8124 | D:8      | HP: 17/69 [howler monkey (6)]
  8125 | D:8      | Noticed a two-headed ogre
  8126 | D:8      | HP: 7/69 [orc warrior/+0 flail (5)]
  8127 | D:8      | HP: 1/69 [orc warrior/+0 flail (5)]
  8128 | D:8      | Slain by a howler monkey

Vanquished Creatures
  Menkaure (D:5)
  Duvessa (D:5)
  2 black bears
  An ogre (D:6)
  2 centaurs
  3 bullfrogs
  2 necrophages
  2 scorpions
  Dowan (D:5)
  A jelly (D:5)
  2 hounds (D:4)
  3 orc priests
  2 gnoll shamans (D:7)
  Ijyb (D:4)
  An orc wizard (D:8)
  5 adders
  11 gnolls
  2 shadow imps
  A white imp (D:5)
  An ufetubus (D:5)
  3 worms
  A dart slug (D:5)
  13 orcs
  2 endoplasms (D:2)
  6 giant cockroaches
  8 goblins
  A hobgoblin (D:2)
  2 jackals (D:3)
  2 kobolds
  4 quokkas
  7 ball pythons
  3 bats
  2 frilled lizards (D:2)
  3 rats
102 creatures vanquished.

Vanquished Creatures (collateral kills)
  An ice beast (D:7)
  An ogre (D:5)
  A bullfrog (D:7)
  2 gnolls (D:7)
  5 orcs
10 creatures vanquished.

Vanquished Creatures (others)
  A bullfrog zombie (D:8)
  An ogre zombie (D:6)
  3 orc zombies
  A spectral shadow imp (D:6)
  An adder zombie (D:6)
  A gnoll zombie (D:6)
  12 plants
20 creatures vanquished.

Grand Total: 132 creatures vanquished

Table legend:
 A = Non-vault XP
 B = Vault XP
 C = Vault XP percentage of total XP
 D = Non-vault monster count
 E = Vault monster count
 F = Vault count percentage of total count
                 A         B        C        D         E       F
            +---------+---------+-------+---------+---------+-------
      Total |    2295 |     460 |  16.7 |      99 |      13 |  11.6
            +---------+---------+-------+---------+---------+-------
        D:1 |       8 |      13 |  61.9 |       4 |       8 |  66.7
        D:2 |      31 |       0 |   0.0 |      17 |       0 |   0.0
        D:3 |     133 |       0 |   0.0 |      14 |       0 |   0.0
        D:4 |     432 |      36 |   7.7 |      23 |       1 |   4.2
        D:5 |     261 |     397 |  60.3 |       9 |       3 |  25.0
        D:6 |     227 |      14 |   5.8 |       5 |       1 |  16.7
        D:7 |     831 |       0 |   0.0 |      17 |       0 |   0.0
        D:8 |     372 |       0 |   0.0 |      10 |       0 |   0.0
            +---------+---------+-------+---------+---------+-------

Illustrated notes

Table legend:
 A = Kills in this place as a percentage of kills in entire the game.
 B = Kills by you in this place as a percentage of kills by you in the entire game.
 C = Kills by friends in this place as a percentage of kills by friends in the entire game.
 D = Other kills in this place as a percentage of other kills in the entire game.
 E = Experience gained in this place as a percentage of experience gained in the entire game.
 F = Experience gained in this place divided by the number of levels of this place that you have seen.
                   A       B       C       D       E      F
               +-------+-------+-------+-------+-------+----------------------
         Total | 100.0 | 100.0 | 100.0 |   N/A | 100.0 | 306.1
       Dungeon | 100.0 | 100.0 | 100.0 |   N/A | 100.0 | 344.4
               +-------+-------+-------+-------+-------+----------------------

Table legend: (Time is in decaauts)
 A = Elapsed time spent in this place.
 B = Non-inter-level travel time spent in this place.
 C = Inter-level travel time spent in this place.
 D = Time resting spent in this place.
 E = Time spent auto-exploring this place.
 F = Levels seen in this place.
 G = Mean time per level.
                   A        B        C        D        E       F      G
               +--------+--------+--------+--------+--------+-----+--------+
         Total |   8295 |   8144 |    151 |   3033 |   3925 |   9 |  921.7 |
       Dungeon |   8198 |   8062 |    136 |   3033 |   3867 |   8 | 1024.8 |
        Temple |     96 |     81 |     15 |      0 |     58 |   1 |   96.0 |
               +--------+--------+--------+--------+--------+-----+--------+

Top non-repeatable levels by time:
     D:4: 1910 daAuts
     D:7: 1583 daAuts
     D:2: 1100 daAuts
     D:1: 951 daAuts
     D:3: 933 daAuts
     D:5: 896 daAuts
     D:6: 414 daAuts
     D:8: 409 daAuts
  Temple: 96 daAuts
